Map: Jagannatha LE

Players

Denver - Winner!

  • Race: Zerg Zerg

Krystianer

  • Race: Protoss Protoss

Event: DreamHack SC2 Masters 2021 Winter

VOD

Have the link to the VOD?

Description

Time

  • Played on: Oct. 8, 2021, 9:45 a.m.
  • Length: 13:22

All games in this series

Show
View Real Time Build Order
Export as new Build Order

Denver Zerg - Winner!

Build Orders: Hatch First 

Get SALT Encoding   

  12  0:00  Drone  
  13  0:12  Overlord  
  13  0:17  Drone  
  14  0:31  Drone x2  
  16  0:48  Hatchery  
  15  0:52  Drone  
  15  0:55  Drone  
  17  0:59  Drone  
  18  1:09  Extractor  
  17  1:14  Spawning Pool  
  17  1:17  Drone  
  17  1:20  Drone  
  18  1:27  Drone  
  19  1:39  Drone  
  20  1:49  Overlord  
  20  2:01  Queen x2  
  20  2:02  Zergling x4  
  26  2:09  Metabolic Boost  
  26  2:11  Drone  
  26  2:13  Drone  
  28  2:21  Drone  
  29  2:35  Hatchery  
  29  2:36  Drone  
  29  2:41  Queen  
  31  2:47  Overlord  
  31  2:50  Zergling x4  
  33  2:54  Zergling x2  
  33  2:58  Drone  
  35  3:03  Drone  
  36  3:06  Drone  
  36  3:09  Drone x4  
  41  3:14  Overlord  
  41  3:20  Drone x3  
  44  3:31  Drone, Spore Crawler  
  44  3:33  Queen  
  46  3:36  Drone x2  
  46  3:40  Overlord  
  48  3:44  Drone x3  
  51  3:49  Spore Crawler  
  51  3:50  Drone  
  51  3:52  Drone  
  51  3:53  Drone  
  53  4:00  Drone x4  
  57  4:03  Spore Crawler  
  57  4:07  Queen  
  57  4:10  Drone  
  57  4:12  Overlord  
  57  4:15  Extractor  
  55  4:18  Drone x2  
  55  4:19  Drone  
  55  4:23  Drone x4  
  63  4:25  Drone  
  63  4:30  Spore Crawler  
  60  4:32  Drone x2  
  60  4:34  Overlord  
  60  4:38  Drone x2  
  64  4:40  Roach Warren  
  64  4:44  Drone x2  
  64  4:46  Lair  
  64  4:51  Zergling x8  
  68  4:54  Overlord  
  68  4:56  Drone x2  
  68  4:58  Drone x2  
  71  5:01  Extractor  
  71  5:03  Extractor  
  71  5:04  Drone  
  70  5:09  Spore Crawler  
  70  5:10  Drone x2  
  70  5:11  Queen  
  73  5:18  Drone  
  73  5:19  Drone x4  
  73  5:20  Overlord  
  78  5:24  Roach x4  
  78  5:26  Overlord, Extractor  
  78  5:27  Extractor  
  84  5:31  Evolution Chamber  
  83  5:36  Overlord x2  
  83  5:43  Roach x3  
  83  5:46  Drone x4  
  83  5:48  Extractor  
  92  5:52  Roach x4  
  92  5:53  Overlord  
  99  5:59  Drone x5  
  103  6:04  Glial Reconstitution  
  103  6:10  Drone x2  
  105  6:18  Drone x5  
  110  6:24  Hatchery  
  109  6:27  Zerg Missile Weapons Level 1, Spire  
  109  6:28  Overlord  
  108  6:35  Roach x4  
  108  6:36  Roach  
  108  6:38  Overlord  
  118  6:43  Overlord  
  118  6:47  Overlord  
  118  6:48  Roach x2  
  118  6:49  Roach  
  124  6:58  Roach x5  
  124  6:59  Roach  
  136  7:07  Overlord  
  136  7:10  Spore Crawler  
  135  7:16  Roach  
  135  7:17  Roach x7  
  149  7:32  Drone  
  149  7:33  Drone x2  
  149  7:35  Overlord x2  
  152  7:40  Mutalisk x7  
  166  7:45  Baneling Nest  
  166  7:46  Overlord  
  166  7:49  Overlord  
  165  7:56  Extractor  
  165  7:58  Roach x6  
  165  7:59  Roach  
  177  8:06  Overlord  
  177  8:07  Ravager x2  
  177  8:11  Overlord  
  179  8:16  Ravager x2  
  179  8:18  Roach x2  
  179  8:19  Roach x2  
  187  8:22  Zergling x18  
  196  8:38  Mutalisk x2  
  196  8:40  Overlord  
  198  8:46  Zerg Melee Weapons Level 1  
  198  8:49  Evolution Chamber  
  191  9:01  Zergling x30  
  191  9:06  Centrifugal Hooks  
  191  9:10  Baneling  
  191  9:11  Baneling x17  
  189  9:21  Zergling x20  
  199  9:28  Drone  
  199  9:29  Zerg Missile Weapons Level 2  
  200  9:33  Baneling x11  
  200  9:49  Hatchery  
  187  10:18  Zergling x60  
  188  10:26  Roach x3  
  188  10:27  Roach x2  
  182  10:29  Baneling  
  182  10:30  Baneling x8  
  182  10:32  Drone x6  
  174  10:37  Queen  
  174  10:39  Baneling x9  
  161  10:43  Roach x2  
  161  10:44  Roach  
  164  10:50  Baneling  
  164  10:51  Baneling x10  
  157  11:00  Roach x5  
  141  11:07  Zergling x12  
  115  11:16  Zergling x14  
  115  11:27  Roach x6  
  127  11:33  Queen  
  127  11:38  Roach  
  127  11:39  Roach x3  
  136  11:43  Ravager x2  
  136  11:44  Baneling x5  
  137  11:51  Roach  
  137  11:52  Roach x5  
  149  11:57  Roach x3  
  155  12:07  Roach x6  
  168  12:15  Ravager x2  
  168  12:16  Ravager x3  
  168  12:18  Baneling x18  
  172  12:29  Roach x6  
  183  12:44  Zergling x28  
  188  13:03  Zergling x16  
  182  13:11  Ravager x5  
  182  13:12  Ravager x3  
Show
View Real Time Build Order
Export as new Build Order

Krystianer Protoss 

Build Orders: 1 Gate Expand, Oracle Opening, Archon Immortal, Archon Drop 

Get SALT Encoding   

  12  0:00  Probe  
  13  0:12  Probe  
  14  0:20  Pylon  
  14  0:24  Probe  
  15  0:38  Probe (Chrono Boost)  
  15  0:42  Gateway  
  16  0:47  Assimilator, Probe (Chrono Boost)  
  17  0:52  Probe (Chrono Boost)  
  19  1:04  Probe  
  19  1:16  Probe  
  20  1:25  Nexus  
  20  1:35  Cybernetics Core  
  20  1:39  Probe  
  21  1:44  Assimilator  
  21  1:51  Probe  
  21  1:53  Pylon  
  22  2:03  Probe  
  23  2:08  Adept (Chrono Boost)  
  23  2:15  Probe  
  26  2:18  Stargate  
  26  2:25  Warp Gate  
  26  2:28  Probe (Chrono Boost)  
  26  2:29  Adept (Chrono Boost)  
  29  2:37  Probe (Chrono Boost)  
  31  2:45  Probe (Chrono Boost)  
  31  2:47  Probe (Chrono Boost)  
  32  2:52  Probe x2 (Chrono Boost)  
  34  2:59  Oracle (Chrono Boost)  
  34  3:03  Probe  
  38  3:05  Shield Battery  
  38  3:06  Probe  
  38  3:11  Stalker  
  41  3:15  Probe  
  41  3:19  Probe  
  43  3:26  Pylon  
  43  3:28  Probe  
  43  3:29  Gateway  
  43  3:31  Probe  
  45  3:34  Robotics Facility  
  45  3:41  Probe (Chrono Boost)  
  46  3:42  Assimilator  
  46  3:44  Assimilator, Probe (Chrono Boost)  
  47  3:54  Twilight Council  
  49  3:56  Probe (Chrono Boost)  
  49  3:58  Probe (Chrono Boost)  
  49  4:01  Probe (Chrono Boost)  
  50  4:04  Probe (Chrono Boost)  
  50  4:09  Gateway  
  51  4:10  Probe  
  51  4:11  Gateway  
  51  4:14  Pylon  
  52  4:22  Warp Prism (Chrono Boost)  
  54  4:32  Probe x2  
  56  4:42  Templar Archives  
  56  4:49  Pylon  
  56  4:51  Nexus, Probe  
  56  4:52  Probe  
  58  4:56  Pylon  
  58  5:03  Probe, Forge  
  58  5:04  Probe  
  60  5:19  High Templar  
  60  5:20  High Templar x3  
  67  5:23  Archon  
  67  5:24  Archon  
  67  5:27  Immortal (Chrono Boost), Pylon  
  70  5:32  Pylon  
  70  5:38  Protoss Ground Weapons Level 1  
  70  5:43  Gateway  
  70  5:44  Pylon  
  70  5:45  Probe x2 (Chrono Boost)  
  70  5:46  Gateway  
  72  5:54  Zealot x2  
  72  5:56  Probe x2 (Chrono Boost)  
  77  5:59  Immortal (Chrono Boost)  
  77  6:02  Probe x2 (Chrono Boost)  
  77  6:03  Probe (Chrono Boost)  
  84  6:08  Sentry x2  
  88  6:14  Probe (Chrono Boost)  
  88  6:15  Probe x2 (Chrono Boost)  
  88  6:17  Assimilator  
  91  6:18  Probe (Chrono Boost)  
  91  6:19  Assimilator  
  91  6:23  Probe x2, Charge  
  91  6:25  Pylon  
  94  6:29  Probe  
  95  6:35  Immortal (Chrono Boost), Probe x2, Sentry  
  103  6:41  Probe, Shield Battery  
  103  6:45  Zealot x3  
  110  6:50  Zealot  
  112  6:55  Probe  
  112  6:56  Pylon  
  113  7:04  Immortal (Chrono Boost)  
  113  7:06  Gateway  
  113  7:07  Gateway  
  117  7:18  Pylon  
  117  7:21  Pylon  
  117  7:26  Gateway  
  117  7:30  Gateway  
  117  7:33  Gateway  
  117  7:35  Immortal (Chrono Boost), Gateway  
  121  7:40  Pylon  
  121  7:42  Pylon  
  121  7:43  High Templar x4  
  129  7:47  Archon, Protoss Ground Weapons Level 2 (Chrono Boost)  
  129  7:48  Archon  
  129  8:01  Probe  
  129  8:04  Phoenix (Chrono Boost)  
  130  8:05  Immortal (Chrono Boost)  
  130  8:07  Nexus  
  130  8:09  Photon Cannon  
  135  8:13  Photon Cannon  
  135  8:14  Photon Cannon  
  135  8:19  Shield Battery  
  125  8:20  Phoenix  
  125  8:22  Stargate  
  125  8:23  Shield Battery  
  125  8:27  Stalker, Probe  
  125  8:28  Stalker  
  125  8:29  Probe  
  125  8:30  Probe  
  129  8:39  Stalker, Probe  
  129  8:41  Probe  
  129  8:42  Immortal (Chrono Boost), Probe  
  129  8:45  Phoenix (Chrono Boost)  
  136  8:51  Probe  
  137  8:57  Stalker  
  133  9:07  Phoenix (Chrono Boost)  
  133  9:09  Phoenix (Chrono Boost)  
  133  9:15  Nexus  
  133  9:22  Zealot x2  
  133  9:23  Phoenix (Chrono Boost)  
  136  9:25  Phoenix (Chrono Boost)  
  136  9:29  Pylon  
  136  9:30  Probe  
  141  9:45  Phoenix (Chrono Boost)  
  143  9:49  Zealot x3  
  143  9:52  High Templar x2  
  155  9:55  Pylon  
  148  10:11  Pylon  
  148  10:12  Archon  
  148  10:14  Pylon  
  143  10:15  Pylon  
  143  10:16  Zealot x4  
  143  10:17  Pylon  
  143  10:20  Zealot x3  
  143  10:21  Zealot x3  
  121  10:41  High Templar x4  
  121  10:42  Zealot x7  
  143  10:45  Archon x2  
  143  10:47  Zealot  
  83  11:12  Immortal  
  75  11:23  High Templar x3  
  75  11:24  Probe, High Templar  
  75  11:25  Probe  
  81  11:27  High Templar x2  
  81  11:29  Probe  
  86  11:36  Probe  
  86  11:37  Archon x3  
  87  11:40  Nexus  
  87  11:43  High Templar  
  87  11:44  Zealot x4, High Templar  
  99  11:48  Probe x2  
  99  11:50  Archon  
  99  11:52  Probe  
  102  12:06  Probe  
  101  12:14  Probe  
  102  12:17  High Templar x2  
  102  12:19  Zealot x5  
  102  12:20  Zealot x2  
  102  12:22  Archon, Pylon  
  120  12:25  Probe  
  121  12:34  Probe  
  120  12:46  Zealot x2  
  120  12:47  Sentry  
  120  12:48  Zealot  
  120  12:49  Zealot x3  
  130  12:53  Probe x2  
  118  13:03  Zealot x3  
  104  13:12  Zealot x3  

Tags
 
Add a new tag
Caveats
  • Supply blocks, unpowered buildings, or Contaminate may cause inaccurate times.
  • Supply counts are checked every 10 seconds.